AoeStats
← BigJ

Arena

509262572Analyzed
2v2 RM · 5d ago on Sep 26, 2026· 33m 39s· 4 players
Game mode
Random Map
Map size
Medium (4 player)
Population
200
Speed
Normal
Resources
Standard
Victory
Conquest
Starting age
Dark Age
Ending age
Imperial Age
RankedLock teamsTeams togetherTeam positionsShared explorationLock speedFull tech treeHidden civsTurbo modeCheats
Victory
Defeat
🇺🇸 Burgundians · United States
804
+20
🇺🇸 Turks · United States
799
+20
🇬🇹 Persians · Guatemala
903
-20
🇲🇽 Varangians · Mexico
893
-20
TheBoss2333
5:20 Loom
10:52 Feudal Age
10:19 Double-Bit Axe
10:27 Gold Mining
10:24 Horse Collar
22:58 Castle Age
21:21 Scale Mail Armor
22:16 Forging
22:11 Heavy Plow
22:12 Stone Mining
26:32 Chain Mail Armor
26:53 Iron Casting
26:54 Crop Rotation
27:02 Gold Shaft Mining
33:26 Scale Barding Armor
BigJ
12:40 Feudal Age
10:56 Loom
17:21 Castle Age
17:13 Double-Bit Axe
23:21 Imperial Age
Chris_Alva
7:17 Loom
10:42 Feudal Age
11:49 Double-Bit Axe
11:50 Horse Collar
18:47 Castle Age
18:18 Fletching
18:29 Padded Archer Armor
19:28 Gold Mining
20:00 Bow Saw
20:33 Crossbowman
22:58 Kamandaran
24:14 Stone Mining
25:01 Heavy Plow
30:33 Ballistics
34:42 Imperial Age
33:06 Bodkin Arrow
33:26 Leather Archer Armor
Lord Daiki
11:05 Feudal Age
15:52 Castle Age
14:44 Stone Mining
15:00 Horse Collar
16:36 Double-Bit Axe
17:57 Squires
17:43 Gambesons
23:07 Scale Mail Armor
25:43 Loom
26:34 Wheelbarrow
25:57 Light Cavalry
27:17 Pikeman
28:38 Hand Cart
28:08 Town Watch
30:40 Scale Barding Armor
31:23 Fletching
32:43 Forging
Connection lost

Rejoining the realm…

Still unreachable

The connection could not be restored.

Session expired

The server has moved on; the page needs a fresh start.